 Dungeon Crawl Stone Soup version 0.26-a0-682-g294304f6e8 (webtiles) character file.

Game seed: 18315075882148721335

16 Kinoniko the Ducker (level 2, 0/22 HPs)
             Began as a Demonspawn Gladiator on Oct 21, 2020.
             Slain by a giant cockroach (2 damage)
             ... on level 1 of the Dungeon.
             The game lasted 00:00:43 (812 turns).

Kinoniko the Ducker (Demonspawn Gladiator)           Turns: 812, Time: 00:00:43

Health: 0/22       AC:  4    Str: 14    XL:     2   Next: 37%
Magic:  2/2        EV: 13    Int:  9    God:
Gold:   22         SH:  0    Dex: 14    Spells: 1/1 levels left

rFire    . . .     SeeInvis .   a - +0 flail
rCold    . . .     Faith    .   (no shield)
rNeg     . . .     Spirit   .   b - +0 leather armour
rPois    .         Reflect  .   c - +0 helmet
rElec    .         Harm     .   (no cloak)
rCorr    .         Rampage  .   (no gloves)
MR       .....                  (no boots)
Stlth    +.........             (no amulet)
HPRegen  0.07/turn              (no ring)
MPRegen  0.08/turn              (no ring)

@: lethally poisoned (0 -> -11)
A: powered by pain 1
a: no special abilities


You were on level 1 of the Dungeon.
You visited 1 branch of the dungeon, and saw 1 of its levels.

You collected 22 gold pieces.

Inventory:

Hand Weapons
 a - a +0 flail (weapon)
Missiles
 d - 3 throwing nets (quivered)
Armour
 b - a +0 leather armour (worn)
 c - a +0 helmet (worn)
Potions
 e - a potion of flight {unknown}
 f - a potion of haste {unknown}


   Skills:
 - Level 2.2 Fighting
 * Level 3.0 Maces & Flails
 + Level 1.8 Throwing
 - Level 3.0 Dodging
 - Level 0.1 Stealth


You had one spell level left.
You didn't know any spells.
Your spell library was empty.

Dungeon Overview and Level Annotations

Branches:
Dungeon (1/15)

Altars:


Innate Abilities, Weirdness & Mutations

You sometimes gain a little power by taking damage.


Message History

You are too injured to fight recklessly!
You are too injured to fight recklessly!
You are too injured to fight recklessly!
You hit the kobold.
You kill the kobold!
You feel sick.
The giant cockroach completely misses you.
The giant cockroach misses you. The frilled lizard bites you.
* * * LOW HITPOINT WARNING * * *
You closely miss the frilled lizard.
* * * LOW HITPOINT WARNING * * *
You feel sick. The giant cockroach closely misses you.
The frilled lizard misses you.
The giant cockroach bites you but does no damage.
You hit the frilled lizard.
You kill the frilled lizard!
Your Maces & Flails skill increases to level 3!
* * * LOW HITPOINT WARNING * * *
You feel sick. The giant cockroach bites you.
You die...

### ### ...........#
........##.#
........##.#
.........#.######
................#
.........#.####.#
........##.# #.########
.......r@..# #........#
.......B#### #..#####.#
........## #......#.#
######...# ##.......#
#.....# #####.###
#.......# ##.##.##
#.........# ##......###
+.........+............
#.........####.......##


You could see a giant cockroach and a rat.

Vanquished Creatures
  4 goblins (D:1)
  4 hobgoblins (D:1)
  2 bats (D:1)
  3 frilled lizards (D:1)
  3 kobolds (D:1)
16 creatures vanquished.

Notes
Turn   | Place    | Note
-------+----------+-------------------------------------------
     0 | D:1      | Kinoniko the Demonspawn Gladiator began the quest for the
                  | Orb.
     0 | D:1      | Reached XP level 1. HP: 16/16 MP: 1/1
   451 | D:1      | Gained mutation: You sometimes gain a little power by
                  | taking damage. [demonic ancestry]
   451 | D:1      | Reached XP level 2. HP: 22/22 MP: 2/2
   812 | D:1      | Slain by a giant cockroach

Illustrated notes

Levels and vault maps discovered:
D:1:      eino_arrival_cavern_a, layout_loops_corners, lemuel_old_faithful

Skill      XL: |  1  2 |
---------------+-------+-----
Dodging        | 3 |  3.0
Maces & Flails | 3 |  3.0
Fighting       | |  2.2
Throwing       | |  1.8
Stealth        | |  0.1

Action                   || total
-------------------------++-------
Melee: Flail             ||    46
 Stab: Sleeping          ||     1
Armor: Leather armour    ||    13
Dodge: Dodged            ||    43

Table legend: (Time is in decaauts)
 A = Elapsed time spent in this place.
 B = Non-inter-level travel time spent in this place.
 C = Inter-level travel time spent in this place.
 D = Time resting spent in this place.
 E = Time spent auto-exploring this place.
 F = Levels seen in this place.
 G = Mean time per level.
                   A        B        C        D        E       F      G
               +--------+--------+--------+--------+--------+-----+--------+
         Total |    824 |    824 |      0 |    194 |    520 |   1 |  824.0 |
       Dungeon |    824 |    824 |      0 |    194 |    520 |   1 |  824.0 |
               +--------+--------+--------+--------+--------+-----+--------+

Top non-repeatable levels by time:
     D:1: 824 daAuts
